 Dungeon Crawl Stone Soup version 0.21-a0-39-g28ea6b7 (webtiles) character file.

83 HAL9000 the Cudgeler (level 4, -2/48 HPs)
             Began as an Ogre Berserker on May 30, 2017.
             Was a Believer of Trog.
             Slain by a hobgoblin (3 damage)
             ... led by Robin
             ... on level 1 of the Dungeon.
             The game lasted 00:05:16 (3212 turns).

HAL9000 the Cudgeler (Ogre Berserker)               Turns: 3212, Time: 00:05:17

Health: -2/48      AC:  3    Str: 22    XL:     4   Next: 44%
Magic:  4/4        EV: 10    Int:  8    God:    Trog [**....]
Gold:   67         SH:  0    Dex:  8    Spells: 3/3 levels left

rFire    . . .     SeeInvis .   a - +0 mace
rCold    . . .     Gourm    .   (no shield)
rNeg     . . .     Faith    .   b - +0 animal skin
rPois    .         Spirit   .   (helmet restricted)
rElec    .         Reflect  .   (no cloak)
rCorr    .         Harm     .   (gloves unavailable)
MR       .....                  (boots unavailable)
Stlth    +.........             (no amulet)
Regen    0.2/turn               (no ring)
MPRegen  0.1/turn               (no ring)

@: berserk cooldown, hasted and slowed
A: unfitting armour, tough skin 1
a: Berserk, Trog's Hand, Burn Spellbooks, Renounce Religion


You were on level 1 of the Dungeon.
You worshipped Trog.
Trog was pleased with you.
You were very hungry.

You visited 1 branch of the dungeon, and saw 2 of its levels.

You collected 67 gold pieces.

Inventory:

Hand Weapons
 a - a +0 mace (weapon)
Armour
 b - a +0 animal skin (worn)
Jewellery
 k - a cursed ring of poison resistance {unknown}
Scrolls
 d - 6 scrolls of identify {unknown}
 e - a scroll of remove curse {unknown}
 f - 2 scrolls of fog {unknown}
Potions
 h - a potion of cancellation {unknown}
 i - a potion of curing {unknown}
 j - a potion of haste
Comestibles
 c - a bread ration
 l - 2 fruits
 m - a chunk of flesh


   Skills:
 - Level 4.0 Fighting
 + Level 4.6 Maces & Flails
 - Level 2.6 Dodging


You had 3 spell levels left.
You didn't know any spells.

Dungeon Overview and Level Annotations

Branches:
Dungeon (2/15)

Altars:

Annotations:
D:2 Robin


Innate Abilities, Weirdness & Mutations

You are too large for most types of armour.
You have tough skin. (AC +1)


Message History

The hobgoblins go into a battle-frenzy!
The hobgoblin hits you but does no damage.
The hobgoblin hits you but does no damage.
The hobgoblin completely misses you. The hobgoblin barely misses you. x2
There is a stone staircase leading up here.
Unknown command.
The hobgoblin hits you!
* * * LOW HITPOINT WARNING * * *
The hobgoblin hits you.
* * * LOW HITPOINT WARNING * * *
The hobgoblin barely misses you.
You climb upwards.
There is a stone staircase leading down here.
It was a potion of haste.
You feel yourself speed up.
You are feeling very hungry.
The hobgoblin hits you.
* * * LOW HITPOINT WARNING * * *
The hobgoblin hits you.
You die...

#....# #.###..#.#######.#...#.##.
#....# #.##.....).........#.#.##.
.....###.#..#########...#.....##.
.....##.....#.......#...#.#.#....
.....##..##.'...<...'...#.#.#.###
.........####.......#...#...#.#
........#############.#...).#.#
............#.......#.........#
........###.'.>.@.>.'.....#.###
........###.#..g.g..#.#####'#####
#...........#########.##.........
#.....................##.........
#................#######.........
#..##+##.........# #.........
##.##.##.........#######.........
##....[...............##.........
###.####.##...........##.........


You could see 2 hobgoblins.

Vanquished Creatures
  2 adders (D:2)
  An ooze (D:1)
  2 worms (D:2)
  A dart slug (D:1)
  2 leopard geckos (D:1)
  4 hobgoblins
  4 jackals (D:2)
  2 kobolds
  A ball python (D:1)
  5 bats (D:2)
  19 goblins
  5 rats
48 creatures vanquished.

Notes
Turn   | Place    | Note
-------+----------+-------------------------------------------
     0 | D:1      | HAL9000 the Ogre Berserker began the quest for the Orb.
     0 | D:1      | Reached XP level 1. HP: 24/24 MP: 1/1
   164 | D:1      | Reached XP level 2. HP: 19/32 MP: 2/2
  1123 | D:1      | Reached XP level 3. HP: 39/39 MP: 3/3
  2419 | D:2      | Reached XP level 4. HP: 43/48 MP: 4/4
  3089 | D:2      | Reached ** piety under Trog
  3180 | D:2      | Noticed Robin
  3212 | D:1      | HP: 1/48 [hobgoblin[Robin] (4)]
  3212 | D:1      | Slain by a hobgoblin

Vault maps used:
D:1:      minmay_arrival_up_and_down, minmay_misc_feat_ornament
D:2:      minmay_hexomino_u4, uniq_robin

Skill      XL: |  1  2  3 |
---------------+----------+-----
Maces & Flails | 3 4 |  4.6
Fighting       | |  4.0
Dodging        | |  2.6

Action                   |  1- 3 |  4- 6 || total
-------------------------+-------+-------++-------
Melee: Mace              |   117 |    38 ||   155
Invok: Berserk           |     2 |     1 ||     3
  Use: Potion            |       |     1 ||     1
 Stab: Sleeping          |     2 |       ||     2
  Eat: Chunk             |     5 |     4 ||     9
Armor: Animal skin       |    44 |    21 ||    65
Dodge: Dodged            |    68 |    39 ||   107
